 Dungeon Crawl Stone Soup version 0.30.0-20-g3615ddf2f0 (webtiles) character file.

Game seed: 14505445101529560671

109 qw the Shield-Bearer (level 4, -1/28 HPs)
             Began as a Gargoyle Fighter on May 29, 2023.
             Killed from afar by Sigmund (5 damage)
             ... with a puff of flame
             ... on level 3 of the Dungeon.
             The game lasted 00:00:47 (2073 turns).

qw the Shield-Bearer (Gargoyle Fighter)             Turns: 2073, Time: 00:00:48

Health: -1/28      AC: 10    Str: 22    XL:     4   Next: 89%
Magic:  4/4        EV:  7    Int:  8    God:
Gold:   152        SH: 12    Dex:  9    Spells: 3/3 levels left

rFire   . . .        Y - +0 war axe
rCold   + . .        e - +0 tower shield
rNeg    + . .        b - +0 scale mail
rPois   inf          (no helmet)
rElec   +            (no cloak)
rCorr   .            (no gloves)
SInv    .            (no boots)
Will    .....        (no amulet) Stlth
                     j - ring of protection from cold
HPRegen 0.24/turn    (no ring)
MPRegen 0.09/turn

%: no passive effects
@: about to teleport
A: sickness immunity, AC +3, negative energy resistance 1, electricity
resistance, torment resistance 1, petrification resistance
a: no special abilities


You were on level 3 of the Dungeon.
You visited 1 branch of the dungeon, and saw 3 of its levels.

You collected 152 gold pieces.


Innate Abilities, Weirdness & Mutations

You are immune to sickness and miasma.
Your stone body is resilient. (AC +3)
You are immune to poison.
You resist negative energy. (rN+)
You are resistant to electric shocks. (rElec)
You are resistant to unholy torment.
You are immune to petrification.


   Skills:
 - Level 3.2 Fighting
 - Level 3.5 Axes
 - Level 3.2 Armour
 + Level 4.6 Shields


You had 3 spell levels left.
You didn't know any spells.
Your spell library was empty.

Inventory:

Hand Weapons
 f - a +0 club
 Y - a +0 war axe (weapon)
Armour
 b - a +0 scale mail (worn)
 e - a +0 tower shield (worn)
Jewellery
 c - a ring of protection from cold
 j - a ring of protection from cold (left hand)
Scrolls
 a - 3 scrolls of teleportation
Potions
 d - a potion of might
 g - a potion of brilliance {unknown}
 h - a potion of lignification {unknown}
 i - a potion of curing {unknown}
 l - a potion of haste {unknown}
 n - a potion of mutation {unknown}

Dungeon Overview and Level Annotations

Branches:
Dungeon (3/15)

Altars:

Shops:
D:1 :

Annotations:
D:3 Sigmund


Message History

An orc comes into view. It is wielding a +3 short sword.
You block the orc priest's attack.
The orc moves out of view.
You barely miss the orc priest.
The orc priest is moderately wounded.
An orc comes into view. It is wielding a +0 trident.
The orc priest hits you but does no damage.
You barely miss the orc priest.
The orc priest is moderately wounded.
The orc shouts! x2; You hear a shout!
You block the orc priest's attack.
An orc priest comes into view. It is wielding a +0 trident.
You closely miss the orc. You hit the orc but do no damage.
Sigmund the Dreaded comes into view.
He is wielding a +0 scythe.
You block the orc's attack.
The orc hits you from afar with a +0 trident.
The orc hits you but does no damage.
An orc comes into view. It is wielding a +0 falchion.
The orc priest barely misses you. You block the orc's attack.
You barely miss the orc priest.
The orc priest is moderately wounded.
You hit the orc.
A rat comes into view.
You block the orc priest's attack. The orc barely misses you.
The orc hits you but does no damage.
The orc priest calls down the wrath of Beogh upon you.
Beogh smites you! The orc hits you but does no damage.
You block the orc priest's attack. The orc hits you with a +3 short sword.
You hit the orc priest but do no damage.
The orc priest is moderately wounded.
You slash the orc!
You kill the orc!
You block the orc priest's attack.
The orc hits you from afar with a +0 trident.
2073 ||| READING 4 scrolls of teleportation.
As you read the scroll of teleportation, it crumbles to dust.
You feel strangely unstable.
Sigmund points at you and mumbles some strange words.
The puff of flame hits you.
You die...

#.####.#####.^........
### #.####...#####... ..
##.##............
.............####>..
...####.####.# #...#
...####.###..# #.#.#
#.#.........####...####.
.. ...............@....
#. ........##.o@######
........##...#
............oo..
............o....# .
........##...##r## .
.......###.(.# .# .
<..... ##### # ?.


You could see Sigmund, 2 orc priests, 2 orcs and a rat.

Vanquished Creatures
  A jelly (D:3)
  3 adders
  2 dart slugs
  An orc (D:3)
  5 ball pythons
  3 endoplasms
  4 hobgoblins
  6 jackals
  5 quokkas
  3 bats
  A frilled lizard (D:2)
  7 goblins
  2 kobolds (D:1)
  2 rats
45 creatures vanquished.

Notes
Turn   | Place    | Note
-------+----------+-------------------------------------------
     0 | D:1      | qw the Gargoyle Fighter began the quest for the Orb.
     0 | D:1      | Reached XP level 1. HP: 14/14 MP: 1/1
     0 | D:1      | 0 ||| qw: Version: 0.2-a-101-gf424e7f
     0 | D:1      | 0 ||| qw: Game counter: 327
     0 | D:1      | 0 ||| qw: Always use a shield: true
     0 | D:1      | 0 ||| qw: God list: Okawaru
     0 | D:1      | 0 ||| qw: Allow faded altars: false
     0 | D:1      | 0 ||| qw: Do Orc after D:15 true
     0 | D:1      | 0 ||| qw: Do second Lair branch before Depths: true
     0 | D:1      | 0 ||| qw: Lair rune preference: random
     0 | D:1      | 0 ||| qw: Plans: Normal, Zot:1-4, Slime:5, God:TSO, Crypt,
                  | Tomb, Pan, Hells, Abyss, Win
     0 | D:1      | 0 ||| PLANNING D:1-11
   115 | D:1      | Found a faded altar of an unknown god.
   153 | D:1      | Reached XP level 2. HP: 14/19 MP: 2/2
   198 | D:1      | Found Mohy's Book Boutique.
   426 | D:1      | 426 ||| Stepping ~*~*~tactically~*~*~ (stealth).
   518 | D:1      | 518 ||| Stepping ~*~*~tactically~*~*~ (hiding).
   522 | D:1      | Reached skill level 3 in Axes
   653 | D:1      | Reached XP level 3. HP: 23/23 MP: 3/3
   868 | D:1      | 868 ||| UPGRADING to ring of protection from cold.
   869 | D:1      | 869 ||| READING scroll labelled COULALOHAO.
   872 | D:1      | 872 ||| READING scroll labelled YVOGAT OLOANUUS.
   873 | D:1      | 873 ||| READING scroll labelled SOVIXYDDIV.
  1131 | D:2      | You fall into a shaft and drop 1 floor!
  1149 | D:3      | 1149 ||| UPGRADING to +0 tower shield.
  1159 | D:3      | 1159 ||| DROPPING +0 buckler.
  1160 | D:3      | 1160 ||| READING scroll labelled LETUME ALA NENO.
  1190 | D:2      | Identified the +4 spear of the Witching Mosquito {drain,
                  | Str+8}
  1292 | D:2      | Reached XP level 4. HP: 26/28 MP: 4/4
  1389 | D:2      | 1389 ||| Stepping ~*~*~tactically~*~*~ (stealth).
  1815 | D:2      | 1815 ||| DROPPING amulet of magic regeneration.
  1816 | D:2      | 1816 ||| DROPPING ring of magical power.
  1817 | D:2      | 1817 ||| READING scroll labelled ATRAHA SEQUT.
  1849 | D:3      | 1849 ||| Stepping ~*~*~tactically~*~*~ (stealth).
  1868 | D:3      | Reached skill level 4 in Shields
  1921 | D:3      | 1921 ||| Stepping ~*~*~tactically~*~*~ (hiding).
  2063 | D:3      | 2063 ||| Stepping ~*~*~tactically~*~*~ (hiding).
  2070 | D:3      | Noticed Sigmund
  2072 | D:3      | HP: 4/28 [orc/+0 trident (5)]
  2073 | D:3      | 2073 ||| READING 4 scrolls of teleportation.
  2073 | D:3      | Killed from afar by Sigmund

Levels and vault maps discovered:
D:1:      sevenhm_arrival_forest_fort_small_5, layout_loops_ring,
          ebering_ecumenical_altar_abandoned, serial_shops,
          nicolae_book_shop_shelving, chequers_serial_rivers_micro_a,
          minmay_misc_feat_nine_boxes
D:2:      layout_loops_corners, hangedman_decor_points
D:3:      layout_rooms, uniq_sigmund

Skill      XL: |  1  2  3  4 |
---------------+-------------+-----
Axes           | 2 3 |  3.5
Shields        | 4 |  4.6
Fighting       | |  3.2
Armour         | |  3.2

Action                     |  1- 3 |  4- 6 || total
---------------------------+-------+-------++-------
  Melee: War axe           |    67 |    36 ||   103
  Throw: Boomerang         |    35 |       ||    35
    Use: Scroll            |     4 |     2 ||     6
 Armour: Scale mail        |    19 |    18 ||    37
  Dodge: Dodged            |    25 |    10 ||    35
  Block: Buckler           |    10 |       ||    10
         Tower shield      |    12 |    27 ||    39

Table legend:
 A = Non-vault XP
 B = Vault XP
 C = Vault XP percentage of total XP
 D = Non-vault monster count
 E = Vault monster count
 F = Vault count percentage of total count
                 A         B        C        D         E       F
            +---------+---------+-------+---------+---------+-------
      Total |     156 |       0 |   0.0 |      45 |       0 |   0.0
            +---------+---------+-------+---------+---------+-------
        D:1 |      36 |       0 |   0.0 |      20 |       0 |   0.0
        D:2 |      50 |       0 |   0.0 |      16 |       0 |   0.0
        D:3 |      70 |       0 |   0.0 |       9 |       0 |   0.0
            +---------+---------+-------+---------+---------+-------
